AoeStats
← bapuji

Black Forest

508210398Analyzed
3v3 RM · 11d ago on Sep 21, 2026· 83m 29s· 6 players
Game mode
Random Map
Map size
Normal (6 player)
Population
200
Speed
Normal
Resources
Standard
Victory
Conquest
Starting age
Dark Age
Ending age
Imperial Age
RankedLock teamsTeams togetherTeam positionsShared explorationLock speedFull tech treeHidden civsTurbo modeCheats
Victory
Defeat
🇹🇷 Portuguese · Türkiye
780
+12
🇨🇳 Chinese · China
662
+17
🇮🇳 Slavs · India
631
+17
🇹🇷 Turks · Türkiye
753
-18
🇩🇪 Japanese · Germany
672
-15
🇬🇧 Franks · United Kingdom
616
-13
woojt92
0:31 Loom
19:05 Feudal Age
21:42 Wheelbarrow
20:53 Town Watch
20:56 Fishing Lines
29:28 Castle Age
28:14 Forging
28:04 Scale Mail Armor
28:13 Gold Mining
29:35 Fletching
29:41 Stone Mining
30:02 Gillnets
30:09 Gillnets
30:36 Hand Cart
30:11 Double-Bit Axe
30:30 Horse Collar
33:18 Iron Casting
32:59 Chain Mail Armor
33:07 Bodkin Arrow
34:01 Treadmill Crane
34:13 Guard Tower
34:44 Ballistics
35:24 Fortified Wall
37:16 Arson
37:32 Squires
38:32 Yasama
39:27 Gold Shaft Mining
42:17 Imperial Age
44:21 Blast Furnace
43:52 Plate Mail Armor
43:26 Bracer
44:06 Keep
43:17 Arrowslits
43:28 Murder Holes
43:57 Elite Samurai
46:46 Chemistry
49:20 Kataparuto
50:33 Town Patrol
51:56 Bow Saw
52:01 Masonry
51:56 Siege Engineers
53:54 Two-Man Saw
57:56 Hoardings
57:42 Conscription
71:07 Caravan
75:43 Capped Ram
((W@W)) Rahi
13:20 Feudal Age
14:17 Double-Bit Axe
15:20 Gold Mining
16:11 Wheelbarrow
16:54 Wheelbarrow
20:19 Castle Age
20:28 Stone Mining
24:43 Scale Barding Armor
32:36 Hand Cart
42:58 Imperial Age
43:26 Chain Barding Armor
43:18 Forging
43:34 Bow Saw
45:17 Gold Shaft Mining
45:35 Conscription
45:43 Conscription
45:00 Cavalier
47:12 Paladin
51:58 Elite Throwing Axeman
Elon Musk
17:26 Feudal Age
17:51 Horse Collar
17:59 Double-Bit Axe
19:03 Gold Mining
22:50 Castle Age
22:18 Padded Archer Armor
22:09 Fletching
22:37 Forging
24:38 Bow Saw
24:30 Heavy Plow
25:01 Husbandry
28:01 Stone Mining
28:53 Gold Shaft Mining
29:07 Caravan
30:46 Town Watch
31:37 Wheelbarrow
33:59 Hand Cart
34:39 Ballistics
35:26 Leather Archer Armor
35:07 Bodkin Arrow
40:27 Imperial Age
38:00 Town Patrol
38:39 Masonry
38:26 Murder Holes
42:14 Two-Man Saw
42:12 Ring Archer Armor
41:43 Bracer
45:42 Conscription
51:57 Artillery
54:28 Scale Barding Armor
54:59 Iron Casting
54:44 Bloodlines
63:50 Architecture
78:02 Thumb Ring
bapuji
0:41 Loom
14:30 Feudal Age
15:57 Wheelbarrow
14:57 Man-at-Arms
15:29 Horse Collar
15:37 Double-Bit Axe
15:43 Town Watch
22:32 Castle Age
20:48 Scale Mail Armor
21:53 Gold Mining
21:47 Fishing Lines
23:50 Bow Saw
23:57 Squires
23:51 Gillnets
24:53 Pikeman
25:49 Forging
27:47 Hand Cart
29:14 Iron Casting
28:04 Long Swordsman
29:35 Town Patrol
32:15 Caravan
32:58 Chain Mail Armor
33:11 Masonry
34:58 Heavy Plow
34:52 Stone Mining
36:05 Coinage
35:32 Guard Tower
36:56 Fortified Wall
37:10 Sanctity
37:07 Fletching
37:34 Murder Holes
38:21 Gold Shaft Mining
38:02 Medium Warships
38:27 Atonement
42:31 Imperial Age
40:07 Padded Archer Armor
40:27 Bodkin Arrow
40:39 Scale Barding Armor
41:01 Ballistics
42:04 Leather Archer Armor
42:11 Chain Barding Armor
42:10 Herbal Medicine
42:46 Detinets
42:38 Two-Handed Swordsman
43:51 Crop Rotation
43:56 Ring Archer Armor
44:14 Banking
44:54 Two-Man Saw
44:23 Halberdier
46:10 Blast Furnace
46:04 Plate Mail Armor
48:26 Champion
48:30 Crossbowman
49:33 Conscription
49:33 Block Printing
50:52 Chemistry
50:56 Hoardings
50:26 Druzhina
51:48 Plate Barding Armor
52:24 Sappers
53:45 Elite Boyar
55:23 Siege Engineers
66:56 Clinker Construction
74:29 Carvel Hull
74:42 Heavy Warships
75:01 Heavy Cavalry Archer
76:27 Capped Ram
Wolf
0:29 Loom
12:14 Feudal Age
24:24 Castle Age
23:01 Horse Collar
23:09 Double-Bit Axe
23:18 Stone Mining
23:22 Gold Mining
25:46 Wheelbarrow
25:48 Bow Saw
26:56 Thumb Ring
26:13 Crossbowman
27:23 Heavy Plow
29:22 Fletching
30:40 Gold Shaft Mining
30:41 Stone Shaft Mining
30:10 Bodkin Arrow
30:16 Padded Archer Armor
34:05 Hand Cart
37:48 Imperial Age
35:51 Ballistics
35:43 Masonry
37:37 Fortified Wall
37:23 Murder Holes
38:37 Herbal Medicine
39:52 Conscription
40:44 Chemistry
40:15 Architecture
40:00 Bracer
42:05 Elite Chu Ko Nu
44:43 Leather Archer Armor
44:52 Rocketry
45:51 Arbalester
47:16 Bloodlines
47:07 Husbandry
46:28 Light Cavalry
50:44 Ring Archer Armor
50:20 Scale Barding Armor
50:27 Forging
50:18 Scale Mail Armor
51:34 Arrowslits
51:40 Heated Shot
54:42 Chain Barding Armor
54:39 Chain Mail Armor
54:59 Iron Casting
57:17 Plate Barding Armor
59:06 Great Wall
58:40 Capped Ram
58:45 Heavy Scorpion
68:28 Coinage
73:57 Two-Man Saw
72:24 Elite Skirmisher
74:48 Banking
74:27 Caravan
79:49 Fervor
Redstone
0:39 Loom
15:01 Feudal Age
15:37 Horse Collar
20:06 Castle Age
18:11 Double-Bit Axe
18:50 Gold Mining
19:13 Stone Mining
21:49 Wheelbarrow
21:31 Bow Saw
22:22 Wheelbarrow
24:09 Caravan
24:51 Hand Cart
25:13 Pikeman
27:04 Heavy Plow
27:24 Forging
27:15 Scale Mail Armor
29:29 Circumnavigation
34:02 Imperial Age
33:01 Chain Mail Armor
34:11 Circumnavigation
34:58 Iron Casting
35:14 Thumb Ring
34:50 Halberdier
38:56 Conscription
39:44 Two-Man Saw
39:16 Ballistics
39:57 Chemistry
39:36 Elite Organ Gun
41:14 Masonry
47:31 Arquebus
52:50 Man-at-Arms
53:15 Gambesons
57:29 Long Swordsman
60:09 Two-Handed Swordsman
62:19 Champion
72:37 Arson
Connection lost

Rejoining the realm…

Still unreachable

The connection could not be restored.

Session expired

The server has moved on; the page needs a fresh start.